 Dungeon Crawl Stone Soup version 0.30.1-3-gfc49f6343a (webtiles) character file.

Game seed: 10692554910968084137

5834 croobank the Ducker (level 10, 0/58 (62) HPs)
             Began as an Octopode Monk on July 20, 2023.
             Was a Priest of Hepliaklqana.
             Slain by a wight
             ... wielding a +0 halberd
              (11 damage)
             ... on level 8 of the Dungeon.
             The game lasted 00:26:34 (6483 turns).

croobank the Ducker (Octopode Monk)                 Turns: 6483, Time: 00:26:34

HP:   0/58 (62)     AC:  1    Str: 11    XL:     10   Next: 80%
MP:   29/29         EV: 16    Int: 16    God:    Hepliaklqana [***...]
Gold: 337           SH:  5    Dex: 15    Spells: 15/22 levels left

rFire   . . .        J - +8 storm bow {elec, penet}
rCold   . . .        (shield currently unavailable)
rNeg    . . .        (helmet restricted)
rPois   .            v - amulet of reflection
rElec   .            k - ring of resist corrosion
rCorr   +            t - ring of magical power
SInv    .            (no ring)
Will    .....        (no ring)
Stlth   ++           (no ring)
HPRegen 0.29/turn    (no ring)
MPRegen 0.21/turn    (no ring)
                     (no ring)

%: reflection
@: studying Dodging, drained
A: reduced essence, almost no armour, amphibious, 8 rings, camouflage 1,
gelatinous body 1, (nimble swimmer 1), tentacles
a: Renounce Religion, Recall Ancestor, Ancestor Identity, Transference


You were on level 8 of the Dungeon.
You worshipped Hepliaklqana.
Hepliaklqana was most pleased with you.
You visited 2 branches of the dungeon, and saw 9 of its levels.

You collected 337 gold pieces.

Inventory:

Hand Weapons
 a - a +0 short sword
 e - a +0 dagger of protection
 j - a +2 vampiric spear
 q - a +3 vampiric short sword
 r - a +1 vampiric halberd
 y - a +1 long sword
 I - the +7 sceptre of Torment {pain, torment}
   (You found it on level 7 of the Dungeon)
 J - the +8 storm bow (weapon) {elec, penet}
   (You found it on level 7 of the Dungeon)
 M - a +2 sling of electrocution
Missiles
 x - 18 poisoned darts
Armour
 c - an orb of light
Magical Staves
 m - a staff of death
Jewellery
 k - a ring of resist corrosion (left tentacle)
 n - an amulet of guardian spirit
 t - a ring of magical power (right tentacle)
 v - an amulet of reflection (around mantle)
 K - a ring of ice
Wands
 o - a wand of polymorph (8)
 w - a wand of iceblast (13)
 N - a wand of quicksilver (13)
Scrolls
 g - 3 scrolls of teleportation
 h - 2 scrolls of brand weapon
 l - a scroll of vulnerability
 s - a scroll of silence {unknown}
 u - 4 scrolls of poison
 z - 2 scrolls of enchant weapon
 C - a scroll of fog
 D - 2 scrolls of blinking
 G - 3 scrolls of identify
 H - a scroll of magic mapping {unknown}
Potions
 b - 3 potions of ambrosia
 d - a potion of might
 f - 4 potions of magic
 i - a potion of haste
 p - a potion of brilliance
 A - 2 potions of flight
 B - a potion of attraction
 E - a potion of mutation
 F - 2 potions of curing {unknown}
Miscellaneous
 L - a phantom mirror


   Skills:
 + Level 6.6 Fighting
 + Level 6.5 Short Blades
 + Level 7.1 Dodging
 * Level 6.9 Spellcasting
 + Level 0.0 Hexes
 + Level 7.0 Summonings
 * Level 3.3 Necromancy
 + Level 5.3 Invocations


You had 15 spell levels left.
You knew the following spells:

 Your Spells              Type           Power      Damage    Failure   Level
a - Summon Small Mammal   Summ           100%       N/A       1%          1
c - Call Canine Familiar  Summ           28%        N/A       1%          3
d - Summon Guardian Gole  Hex/Summ       16%        N/A       9%          3

Your spell library contained the following spells:

 Spells                   Type           Power      Damage    Failure   Level
 Necrotise                Necr           64%        1d7       3%          1
 Cigotuvi's Dreadful Rot  Necr/Pois/Air  18%        N/A       12%         2
 Apportation              Tloc           10%        N/A       13%         1
 Foxfire                  Conj/Fire      20%        2x1d5     13%         1
 Freeze                   Ice            20%        1d4       13%         1
 Sandblast                Erth           10%        2d5       13%         1
 Passwall                 Tmut/Erth      4%         N/A       19%         2
 Animate Dead             Necr           16%        N/A       32%         4
 Ignite Poison            Fire/Tmut/Pois 5%         N/A       36%         3
 Stone Arrow              Conj/Erth      10%        3d7       36%         3
 Borgnjor's Vile Clutch   Necr/Erth      5%         N/A       87%         5
 Fireball                 Conj/Fire      2%         3d4       98%         5
 Freezing Cloud           Conj/Ice/Air   2%         6-21      98%         5
 Death Channel            Necr           8%         N/A       99%         6
 Plasma Beam              Fire/Air       2%         2x1d14    100%        6
 Starburst                Conj/Fire      2%         6d3       100%        6


Dungeon Overview and Level Annotations

Branches:
Dungeon (8/15)             Temple (1/1) D:4
   Lair: D:8-11

Altars:
Ashenzari
Dithmenos
Elyvilon
Fedhas
Gozag
Hepliaklqana
Makhleb
Nemelex Xobeh
Okawaru
Qazlal
Ru
Sif Muna
Trog
Wu Jian
Xom
Yredelemnul
The Shining One

Shops:
D:1 (

Annotations:
D:2 1 runed translucent door, Crazy Yiuf


Innate Abilities, Weirdness & Mutations

Your life essence is reduced to manifest your ancestor. (-10% HP)
You cannot wear most types of armour.
You are amphibious.
You can wear up to eight rings at the same time.
Your skin changes colour to match your surroundings (Stealth+).
Your rubbery body absorbs attacks. (AC +1, EV +1)
((You are camouflaged when in or above water. (Stealth+)))
You have tentacles for arms and can constrict up to eight enemies at once.


Message History

The wight is lightly damaged.
Ilshubani casts a spell at the wight.
The puff of frost hits the wight.
The wight resists.
Fire: J) +8 storm bow {elec, penet}
Press: ? - help, Q - select action, (/) - cycle Shift-Dir - straight line, f/p - wight
Aim: a wight, wielding a +0 halberd and wearing a +0 robe (moderately damaged, ally target, 68% to hit)
You shoot an arrow. The arrow pierces through the wight!
The wight is almost destroyed.
Fire: J) +8 storm bow {elec, penet}
Press: ? - help, Q - select action, (/) - cycle Shift-Dir - straight line, f/p - wight
Aim: a wight, wielding a +0 halberd and wearing a +0 robe (almost destroyed, ally target, 68% to hit)
You shoot an arrow. The arrow completely misses the wight.
The wight hits you from afar with a +0 halberd!
You feel drained.
Fire: J) +8 storm bow {elec, penet}
Press: ? - help, Q - select action, (/) - cycle Shift-Dir - straight line, f/p - wight
Aim: a wight, wielding a +0 halberd and wearing a +0 robe (almost destroyed, ally target, 68% to hit)
You shoot an arrow. The arrow closely misses the wight.
The wight hits you from afar with a +0 halberd!
You block the wight's attack.
Fire: J) +8 storm bow {elec, penet}
Press: ? - help, Q - select action, (/) - cycle Shift-Dir - straight line, f/p - wight
Aim: a wight, wielding a +0 halberd and wearing a +0 robe (almost destroyed, 68% to hit)
You shoot an arrow. The arrow closely misses the wight.
You block the wight's attack.
Fire: J) +8 storm bow {elec, penet}
Press: ? - help, Q - select action, (/) - cycle Shift-Dir - straight line, f/p - wight
Aim: a wight, wielding a +0 halberd and wearing a +0 robe (almost destroyed, 68% to hit)
You shoot an arrow. The arrow closely misses the wight.
The wight hits you from afar with a +0 halberd!
* * * LOW HITPOINT WARNING * * *
You feel drained.
* * * LOW HITPOINT WARNING * * *
The wight closely misses you.
Fire: J) +8 storm bow {elec, penet}
Press: ? - help, Q - select action, (/) - cycle Shift-Dir - straight line, f/p - wight
Aim: a wight, wielding a +0 halberd and wearing a +0 robe (almost destroyed, 68% to hit)
You shoot an arrow. The arrow closely misses the wight.
The wight hits you from afar with a +0 halberd!
You die...

# ######.#
#.......
.#########....#..#
..................
#######<##@#.##..
#.##........
#.####z####. #.#
... #.# #.. #.#
.... #.. ... ###
..


You could see a wight.

Vanquished Creatures
  A boulder beetle (D:7)
  A troll (D:6)
  A vampire (D:7)
  A water moccasin (D:7)
  An orc warrior (D:7)
  A black bear (D:4)
  An ogre (D:7)
  3 bullfrogs
  2 scorpions (D:5)
  2 wights
  2 jellies
  A hound (D:3)
  A gnoll bouda (D:4)
  An orc priest (D:7)
  An orc wizard (D:7)
  4 iguanas
  6 gnolls
  6 adders
  2 white imps
  A worm (D:4)
  A dart slug (D:1)
  8 orcs
  10 ball pythons
  8 bats
  6 endoplasms
  5 giant cockroaches
  9 goblins
  3 hobgoblins
  2 jackals (D:4)
  9 kobolds
  6 frilled lizards
  3 rats
109 creatures vanquished.

Vanquished Creatures (collateral kills)
  A cyclops (D:7)
  A wraith (D:7)
  A steam dragon (D:7)
  2 water moccasins (D:6)
  A black bear (D:6)
  An ice beast (D:7)
  An orc warrior (D:6)
  An ogre (D:6)
  A kobold brigand (D:7)
  2 bullfrogs (D:7)
  Blork the orc (D:5)
  4 wights (D:7)
  2 jellies
  3 hounds
  3 iguanas
  2 sleepcaps
  3 gnolls
  2 adders
  A shadow imp (D:7)
  A white imp (D:5)
  8 orcs
  2 goblins
  4 jackals
  7 kobolds
55 creatures vanquished.

Vanquished Creatures (others)
  A two-headed ogre (D:7)
  An unseen horror (D:7)
  2 trolls (D:7)
  A sky beast (D:7)
  A bullfrog (D:7)
  A gnoll sergeant (D:7)
  An orc wizard (D:7)
  5 battlemagi
  5 ancestors
18 creatures vanquished.

Grand Total: 182 creatures vanquished

Notes
Turn   | Place    | Note
-------+----------+-------------------------------------------
     0 | D:1      | croobank the Octopode Monk began the quest for the Orb.
     0 | D:1      | Reached XP level 1. HP: 16/16 MP: 1/1
   126 | D:1      | Reached XP level 2. HP: 20/21 MP: 2/2
   225 | D:1      | Reached XP level 3. HP: 23/26 MP: 3/3
   246 | D:1      | Found Hist's Weapon Shoppe.
  1016 | D:2      | Found a runed translucent door.
  1017 | D:2      | Noticed Crazy Yiuf
  1116 | D:2      | Reached XP level 4. HP: 33/33 MP: 4/4
  1613 | D:3      | Found a sacrificial altar of Ru.
  1744 | D:3      | Learned a level 1 spell: Summon Small Mammal
  1759 | D:3      | Reached XP level 5. HP: 37/37 MP: 5/5
  2044 | D:4      | Noticed a black bear
  2049 | D:4      | Killed a black bear
  2050 | D:4      | Reached skill level 1 in Spellcasting
  2050 | D:4      | Reached skill level 1 in Summonings
  2127 | D:4      | Found a staircase to the Ecumenical Temple.
  2200 | Temple   | Entered the Ecumenical Temple
  2205 | Temple   | Became a worshipper of Hepliaklqana the Forgotten
  2205 | Temple   | Reached * piety under Hepliaklqana
  2205 | Temple   | Reached ** piety under Hepliaklqana
  2430 | D:4      | Reached XP level 6. HP: 38/38 MP: 7/7
  3365 | D:5      | Entered Level 5 of the Dungeon
  3416 | D:5      | Learned a level 3 spell: Call Canine Familiar
  3420 | D:5      | Learned a level 3 spell: Summon Guardian Golem
  3461 | D:5      | Noticed Blork the orc
  3470 | D:5      | Reached skill level 1 in Invocations
  3470 | D:5      | Reached XP level 7. HP: 38/44 MP: 10/10
  3490 | D:5      | Killed Blork the orc
  3698 | D:5      | Remembered your ancestor Ilshubani as a battlemage
  4139 | D:5      | Found an iron altar of Okawaru.
  4235 | D:6      | Reached XP level 8. HP: 48/48 MP: 13/13
  4371 | D:6      | Found an opulent altar of Gozag.
  4449 | D:6      | Reached skill level 5 in Dodging
  4507 | D:6      | Reached skill level 5 in Short Blades
  4513 | D:6      | Reached skill level 5 in Fighting
  4716 | D:6      | Noticed a troll
  4720 | D:6      | Killed a troll
  4805 | D:6      | Reached XP level 9. HP: 40/54 MP: 15/15
  4965 | D:7      | Reached skill level 5 in Summonings
  5060 | D:7      | Found a shimmering blue altar of Sif Muna.
  5095 | D:7      | Reached skill level 5 in Spellcasting
  5096 | D:7      | Got Sif Muna's Handbook of Glacial Incandescence
  5209 | D:7      | Found a bloodstained altar of Trog.
  5438 | D:7      | Noticed a two-headed ogre
  5459 | D:7      | Killed a two-headed ogre
  5465 | D:7      | Identified the +0 robe "Leoh" {rPois rF++ Stlth+}
  5605 | D:7      | Noticed a troll
  5612 | D:7      | Killed a troll
  5613 | D:7      | Reached XP level 10. HP: 61/61 MP: 18/18
  5740 | D:7      | Found the +7 sceptre of Torment {pain, torment}
  5750 | D:7      | Reached *** piety under Hepliaklqana
  5750 | D:7      | Found the +8 storm bow {elec, penet}
  5763 | D:7      | Noticed a boulder beetle
  5775 | D:7      | Killed an unseen horror
  5776 | D:7      | Reached skill level 1 in Necromancy
  5782 | D:7      | Killed a boulder beetle
  5789 | D:7      | Reached skill level 5 in Invocations
  5869 | D:7      | Noticed a cyclops
  5876 | D:7      | Killed a cyclops
  6055 | D:7      | Found a white marble altar of Elyvilon.
  6483 | D:8      | Slain by a wight

Illustrated notes

Levels and vault maps discovered:
D:1:      erik_arrival_triangle_large, layout_loops_ring, serial_shops, shop
D:2:      layout_rooms, uniq_crazy_yiuf_cottage
D:3:      layout_rooms, nicolae_ru_awakened_eye, grunt_ministairs_1,
          minmay_misc_feat_tiny, nicolae_figureground_pulse
D:4:      layout_loops_ring, temple_hall
D:5:      layout_rooms, okawaru_altar_gauntlet_db, uniq_blork_the_orc
D:6:      layout_cave_pools, nicolae_overflow_hidden_temple, minmay_small_thing
D:7:      minmay_the_grid_octo_triangle [minmay_the_grid_octo_empty,
          minmay_the_grid_octo_prize_ultimate_mussel_roller,
          minmay_the_grid_octo_vomiting_pacman], layout_loops_ring,
          nzn_overflow_gifts_of_might_and_magic, enter_bailey_7,
          minmay_misc_feat_roman, minmay_misc_feat_diagonals,
          hangedman_minor_gate_pass
D:8:      layout_loops_cross, lemuel_doored_altar, erik_lair_orcish_takeover,
          wad_mini_maze
Temple:   minmay_freezing_vapour_temple

Skill      XL: |  1  2  3  4  5  6  7  8  9 10 |
---------------+-------------------------------+-----
Fighting       | 4 5 6 |  6.6
Dodging        | 4 5 6 7 |  7.1
Short Blades   | 4 5 6 |  6.5
Spellcasting   | 1 2 3 4 5 6 |  6.9
Summonings     | 1 2 3 4 6 7 |  7.0
Invocations    | 1 2 3 4 5 |  5.3
Necromancy     | 3 |  3.3

Action                     |  1- 3 |  4- 6 |  7- 9 | 10-12 || total
---------------------------+-------+-------+-------+-------++-------
  Melee: Short sword       |    35 |    99 |    68 |     4 ||   206
         Constrict         |    24 |    25 |    17 |     1 ||    67
         Tentacles         |    17 |    22 |    14 |     1 ||    54
         Dagger            |    51 |     1 |       |       ||    52
         Punch             |       |     3 |     2 |       ||     5
   Fire: Longbow           |       |       |       |    43 ||    43
   Cast: Call Canine Famil |       |     1 |    26 |     5 ||    32
         Summon Small Mamm |       |       |    23 |     6 ||    29
         Summon Guardian G |       |       |     3 |     7 ||    10
 Invoke: Ancestor Life: Ba |       |       |     1 |       ||     1
         Recall Ancestor   |       |       |       |     1 ||     1
  Evoke: Wand              |       |       |     3 |       ||     3
    Use: Scroll            |     1 |    13 |     8 |       ||    22
         Potion            |       |     1 |     1 |     1 ||     3
   Stab: Sleeping          |     8 |     9 |       |       ||    17
         Distracted        |       |       |     1 |       ||     1
 Armour: Skin              |     9 |     8 |       |     1 ||    18
  Dodge: Dodged            |    53 |    58 |    40 |    14 ||   165
  Block: Other             |       |     9 |    17 |     8 ||    34
